 Dungeon Crawl Stone Soup version 0.28.0-49-g6dfe1f597d (webtiles) character file.

Game seed: 2143018504009228534

204 CryoSword the Firebug (level 5, -10/40 HPs)
             Began as a Demigod Fire Elementalist on May 16, 2022.
             Mangled by Menkaure (18 damage)
             ... on level 4 of the Dungeon.
             The game lasted 00:04:39 (4383 turns).

CryoSword the Firebug (Demigod Fire Elementalist)   Turns: 4383, Time: 00:04:39

Health: -10/40     AC:  2    Str:  9    XL:     5   Next: 26%
Magic:  3/11       EV: 12    Int: 21    God:
Gold:   156        SH:  0    Dex: 14    Spells: 1/8 levels left

rFire   . . .      SeeInvis .   k - +2 rapier (vamp)
rCold   . . .      Faith    .   (no shield)
rNeg    . . .      Spirit   .   a - +0 robe
rPois   .          Reflect  .   (no helmet)
rElec   .          Harm     .   (no cloak)
rCorr   .          Rampage  .   (no gloves)
Will    .....                   (no boots)
Stlth   ++........              (no amulet)
HPRegen 0.13/turn               (no ring)
MPRegen 0.12/turn               (no ring)

@: very slightly contaminated
A: high MP 1, forlorn, divine attributes
a: no special abilities


You were on level 4 of the Dungeon.
You visited 1 branch of the dungeon, and saw 4 of its levels.

You collected 156 gold pieces.

Inventory:

Hand Weapons
 k - a +2 vampiric rapier (weapon)
   (You found it on level 2 of the Dungeon)
Missiles
 b - 9 poisoned darts
Armour
 a - a +0 robe (worn)
 c - a +0 leather armour
   (You found it on level 1 of the Dungeon)
Scrolls
 d - 2 scrolls of amnesia {unknown}
 e - a scroll of enchant armour {unknown}
 i - 2 scrolls of immolation {unknown}
 j - a scroll of teleportation {unknown}
 l - 7 scrolls of identify {unknown}
 m - a scroll of summoning {unknown}
 n - 2 scrolls of magic mapping {unknown}
Potions
 f - a potion of curing {unknown}
 g - 3 potions of haste {unknown}
 h - a potion of lignification {unknown}
 o - a potion of degeneration {unknown}
 p - a potion of attraction {unknown}


   Skills:
 + Level 1.4 Fighting
 + Level 0.8 Short Blades
 + Level 2.4 Dodging
 + Level 2.5 Stealth
 + Level 2.3 Spellcasting
 * Level 2.5 Conjurations
 * Level 3.5 Fire Magic


You had one spell level left.
You knew the following spells:

 Your Spells              Type           Power      Damage    Failure   Level
a - Foxfire               Conj/Fire      60%        2x1d7     4%          1
b - Scorch                Fire           34%        2d6       4%          2
c - Flame Wave            Conj/Fire      15%        2d6       38%         4

Your spell library contained the following spells:

 Spells                   Type           Power      Damage    Failure   Level
 Conjure Flame            Conj/Fire      15%        6-21      12%         3
 Inner Flame              Hex/Fire       9%         N/A       21%         3


Dungeon Overview and Level Annotations

Branches:
Dungeon (4/15)
 Temple: D:4-7

Annotations:
D:4 Menkaure


Innate Abilities, Weirdness & Mutations

You have an increased reservoir of magic. (+10% MP)
You shall have no god before yourself.
Your divine heritage dramatically boosts your attributes as you level up.


Message History

A giant cockroach is nearby!
You conjure some foxfire!
A giant cockroach is nearby!
A giant cockroach is nearby!
What are your orders? t - Shout!
Orders for allies: a - Attack new target. r - Retreat! s - Stop attacking. g - Guard the area. f - Follow me.
Anything else - Cancel.
You shout for attention!
You conjure some foxfire!
You conjure some foxfire!
The foxfire hits the giant cockroach.
The foxfire hits the giant cockroach but does no damage.
Nothing appears to happen.
The foxfire hits the giant cockroach but does no damage.
Flames lash the giant cockroach.
The giant cockroach's fire resistance burns away.
The foxfire hits the giant cockroach but does no damage.
Flames lash the giant cockroach.
The giant cockroach is burned terribly!
You kill the giant cockroach!
You see here a rat skeleton.
Done exploring.
Done exploring.
Done exploring.
There is a stone staircase leading down here.
You climb downwards.
There is a stone staircase leading up here.
Found an escape hatch in the floor.
There is an escape hatch in the floor here.
l - 7 scrolls labelled NUAHIATAFA (gained 3)
Found a spear.
You see here a +0 spear.
Could not explore, unopened door.
Could not explore, unopened door.
Could not explore, unopened door.
You open the door.
There is an open door here.
p - a white potion You now have 156 gold pieces (gained 11).
Found a stone staircase leading down.
Blork the orc comes into view.
He is wielding a +0 short sword.
You conjure some foxfire!
Blork the orc shouts!
Blork the orc begins to cast a cantrip, but forgets the words!
You conjure some foxfire!
The foxfire hits Blork the orc but does no damage.
You miscast Foxfire.
You are very lightly contaminated with residual magic.
Nothing appears to happen.
The foxfire hits Blork the orc but does no damage.
You conjure some foxfire!
The foxfire hits Blork the orc but does no damage.
You conjure some foxfire!
The foxfire hits Blork the orc. x2
You conjure some foxfire!
The foxfire hits Blork the orc.
You conjure some foxfire!
The foxfire hits Blork the orc. x2
Menkaure, Prince of Dust comes into view.
The foxfire hits Blork the orc.
The foxfire hits Blork the orc but does no damage.
The foxfire hits Blork the orc.
Blork the orc casts a spell.
Blork the orc seems to speed up.
Menkaure breathes soot at you.
Your magical contamination has completely faded away.
Blork the orc points at you and mumbles some strange words.
The puff of frost misses you.
Blork the orc points at you and mumbles some strange words.
The puff of flame hits you!
Blork the orc gestures at you while chanting.
The puff of flame misses you.
Blork the orc screams, "You are the ugliest creature I've ever seen!"
Blork the orc gestures at you while chanting.
The puff of flame misses you.
Flames lash Blork the orc.
Blork the orc's fire resistance burns away.
Blork the orc hits you with a +0 short sword.
Flames lash Blork the orc.
Blork the orc is burned terribly!
Blork the orc gestures at you while chanting.
The magic dart hits you.
You don't have enough magic to cast this spell.
You hit Blork the orc but do no damage.
Blork the orc hits you with a +0 short sword!
* * * LOW HITPOINT WARNING * * *
Blork the orc hits you with a +0 short sword.
* * * LOW HITPOINT WARNING * * *
Blork the orc points at you and mumbles some strange words.
The magic dart hits you!
* * * LOW HITPOINT WARNING * * *
You conjure some foxfire!
The foxfire hits Blork the orc.
Blork the orc is burned terribly!
You kill Blork the orc!
You have reached level 5!
Unknown command.
The foxfire hits Menkaure.
Menkaure is burned terribly!
Menkaure casts a spell.
Menkaure seems to speed up.
Menkaure calls on the powers of darkness!
Your body is wracked with pain!
* * * LOW HITPOINT WARNING * * *
Menkaure calls on the powers of darkness!
Your body is wracked with pain!
* * * LOW HITPOINT WARNING * * *
There is an open door here.
Menkaure gestures ominously.
Menkaure is no longer moving quickly.
Menkaure murmurs, "Let me perform the rites..."
There is a stone staircase leading up here.
You can't go up here!
There is a stone staircase leading up here.
You climb upwards.
There is a stone staircase leading down here.
You start resting.
You start resting.
You climb downwards.
Level annotation: Menkaure
There is a stone staircase leading up here.
There is an escape hatch in the floor here.
You see here a +0 spear.
There is an open door here.
The centaur shouts!
You hear a shout!
The centaur shouts!
Could not explore, unopened door.
You open the door.
There is an open door here.
An iguana comes into view.
An iguana is nearby!
An iguana is nearby!
Found a runed bronze wand.
You conjure some foxfire!
Menkaure shouts!
The iguana hisses angrily.
Menkaure calls on the powers of darkness!
Your body is wracked with pain!
The iguana convulses!
You miscast Scorch.
You are very lightly contaminated with residual magic.
Nothing appears to happen.
The foxfire hits the iguana.
The foxfire hits Menkaure.
Menkaure is burned terribly!
You miscast Scorch.
Nothing appears to happen.
The iguana closely misses you.
Menkaure gestures wildly while chanting.
Menkaure seems to speed up.
There is an open door here.
The iguana closely misses you.
You conjure some foxfire!
The iguana bites you!
* * * LOW HITPOINT WARNING * * *
Flames lash the iguana.
You kill the iguana!
The foxfire hits Menkaure.
Menkaure is burned terribly!
The foxfire hits Menkaure.
Menkaure is burned terribly!
You conjure some foxfire!
Menkaure misses you. Menkaure hits you!!
You die...

##.. ####....###
#..# ....
.........########.##
....
..................##
###
#.........###....#
#.........#####.####
###### #..M..../..#
#....### .....##
##..########
##.....## ......##
#..#..v.### #......#
.......#
##.'.M@...##
#.....## ......##
###.v.....## ##....#
....### ####.....##
##...# ..###
###....# #...# #.##
###...## #...#
##)##########
gc##....####..##
##..........# #.?c
##...#.#)...#
#...........# #$.
#...#...####
............#
#######...#.....#


You could see Menkaure (fast, ally target).

Vanquished Creatures
  Blork the orc (D:4)
  An iguana (D:4)
  3 gnolls (D:2)
  2 adders
  3 worms
  3 dart slugs
  An orc (D:3)
  2 endoplasms (D:2)
  4 giant cockroaches
  3 goblins
  7 hobgoblins
  3 jackals (D:2)
  A quokka (D:2)
  2 ball pythons (D:1)
  8 bats
  4 frilled lizards
  5 kobolds
  10 rats
63 creatures vanquished.

Vanquished Creatures (others)
  119 foxfires
119 creatures vanquished.

Grand Total: 182 creatures vanquished

Notes
Turn   | Place    | Note
-------+----------+-------------------------------------------
     0 | D:1      | CryoSword the Demigod Fire Elementalist began the quest for
                  | the Orb.
     0 | D:1      | Reached XP level 1. HP: 14/14 MP: 5/5
    59 | D:1      | Reached skill level 1 in Conjurations
   446 | D:1      | Reached XP level 2. HP: 22/22 MP: 2/7
   462 | D:1      | Learned a level 2 spell: Scorch
  1598 | D:2      | Reached XP level 3. HP: 16/27 MP: 4/8
  1599 | D:2      | Reached skill level 3 in Fire Magic
  2356 | D:2      | Reached skill level 1 in Fighting
  2455 | D:2      | Reached XP level 4. HP: 23/35 MP: 1/9
  2948 | D:2      | Learned a level 4 spell: Flame Wave
  3998 | D:4      | Noticed Blork the orc
  4005 | D:4      | Noticed Menkaure
  4024 | D:4      | Killed Blork the orc
  4025 | D:4      | Reached XP level 5. HP: 7/40 MP: 1/11
  4359 | D:4      | Noticed a centaur
  4359 | D:4      | Noticed a centaur
  4383 | D:4      | Mangled by Menkaure

Illustrated notes

Levels and vault maps discovered:
D:1:      sevenhm_arrival_forest_fort_large_4, layout_loops_ring,
          ebering_ecumenical_altar_mist
D:2:      layout_loops_corners, basic_altar
D:3:      layout_basic, cheibriados_altar_1, lemuel_old_faithful
D:4:      layout_cave_pods, minmay_temple_entry_glass, serial_column_ruins,
          column_ruins_hut_pillars, column_ruins_grid_3,
          column_ruins_columns_corner, column_ruins_open_tiny,
          lightli_corner_chamber, uniq_menkaure, uniq_ijyb, uniq_blork_the_orc

Skill      XL: |  1  2  3 |
---------------+----------+-----
Conjurations   | 1 2 |  2.5
Dodging        | 2 |  2.4
Spellcasting   | 2 |  2.3
Stealth        | 2 |  2.5
Fire Magic     | 3 |  3.5
Fighting       | 1 |  1.4
Short Blades   | |  0.8

Action                   |  1- 3 |  4- 6 || total
-------------------------+-------+-------++-------
Melee: Trident           |     9 |       ||     9
       Rapier            |     8 |    14 ||    22
 Cast: Foxfire           |    41 |    27 ||    68
       Scorch            |    35 |    18 ||    53
 Stab: Sleeping          |     1 |       ||     1
Armor: Robe              |     5 |     5 ||    10
Dodge: Dodged            |    20 |    19 ||    39
